Ducks vs BlackHawks

Created - November 12 2010 at 17:22

Goals
1 2 3 T
Ducks 1 1 0 2
BlackHawks 0 1 0 1
Shots
1 2 3 T
Ducks 9 6 5 20
BlackHawks 4 7 8 19

Period #1

1. Ducks , Dominic Moore 2 (Marc-Edouard Vlasic, Bryan Little) at 13:32

Penalties :
Nick Schultz (ANA) for Tripping (Minor) at 0:48, Christian Hanson (ANA) for High sticking (Double Minor) at 4:38, Rob Scuderi (ANA) for Slashing (Minor) at 9:08

Period #2

2. BlackHawks , Patrick Kane 8 (Patrick Sharp, Tim Gleason) at 6:35
3. Ducks , Bobby Ryan 11 (Dustin Byfuglien, Jonathan Toews) at 17:50 (PP)

Penalties :
Tim Gleason (CHI) for Holding (Minor) at 7:48, David Perron (ANA) for Slashing (Minor) at 13:12, Zenon Konopka (CHI) for Roughing (Double Minor) at 16:33, David Clarkson (ANA) for Hooking (Minor) at 19:29

Period #3

No Goal

Penalties :
Manny Malhotra (ANA) for Hooking (Minor) at 6:06, David Clarkson (ANA) for Boarding (Minor) at 10:43

Goalie Stats

Jose Theodore (ANA), 18 saves from 19 shots - (0.947), W, 5-0-0, 60:00 minutes
Cristobal Huet (CHI), 18 saves from 20 shots - (0.900), L, 5-9-2, 59:00 minutes

Players Stats

Ducks
Player Name              G  A  P  +/- PIM S  H  SB FO    MP 
------------------------------------------------------------
Andy McDonald            0  0  0   0  0   1  0  0  4/15  15 
Bobby Ryan               1  0  1   0  0   4  0  0  0/3   14 
Bryan Little             0  1  1   1  0   0  0  0  0/0   6  
Christian Hanson         0  0  0   1  4   1  2  0  4/13  10 
David Clarkson           0  0  0   0  4   0  4  0  1/1   14 
David Perron             0  0  0  -1  2   0  1  0  0/0   13 
Dominic Moore            1  0  1   1  0   2  1  0  0/1   13 
Dustin Byfuglien         0  1  1   0  0   1  3  0  0/0   12 
Henrik Tallinder         0  0  0   0  0   0  0  1  0/0   20 
Jakub Voracek            0  0  0  -1  0   0  0  0  0/1   13 
Jonathan Toews           0  1  1   0  0   7  0  2  9/18  18 
Kurtis Foster            0  0  0  -1  0   1  1  0  0/0   16 
Manny Malhotra           0  0  0  -1  2   1  1  0  6/12  17 
Marc-Edouard Vlasic      0  1  1   1  0   2  1  0  0/0   22 
Nick Schultz             0  0  0   0  2   0  2  0  0/0   20 
Richard Park             0  0  0   0  0   0  0  1  2/3   20 
Rob Scuderi              0  0  0  -1  2   0  2  2  0/0   18 
Tom Poti                 0  0  0   1  0   0  0  1  0/0   22 
BlackHawks
Player Name              G  A  P  +/- PIM S  H  SB FO    MP 
------------------------------------------------------------
Adam Foote               0  0  0   0  0   1  2  0  0/0   18 
Artem Anisimov           0  0  0   1  0   1  0  0  12/19 17 
Chris Neil               0  0  0  -1  0   3  5  0  0/0   17 
Donald Brashear          0  0  0   0  0   0  0  0  0/0   4  
Hal Gill                 0  0  0  -1  0   0  1  0  0/0   16 
John Erskine             0  0  0  -1  0   0  2  0  0/0   18 
Josh Bailey              0  0  0   0  0   2  0  0  8/12  20 
Mattias Ohlund           0  0  0   1  0   0  1  1  0/0   21 
Patrick Kane             1  0  1   1  0   3  0  0  2/4   20 
Patrick Sharp            0  1  1   1  0   1  0  0  0/1   23 
Paul Kariya              0  0  0  -1  0   3  0  0  0/0   17 
Petr Sykora              0  0  0   0  0   1  0  0  0/0   7  
Ron Hainsey              0  0  0   0  0   1  0  0  0/0   22 
Samuel Pahlsson          0  0  0   0  0   1  4  0  10/12 17 
Tim Gleason              0  1  1   1  2   2  2  0  0/0   21 
Tyler Kennedy            0  0  0   0  0   0  2  0  0/1   19 
Wayne Primeau            0  0  0  -1  0   0  0  0  6/12  14 
Zenon Konopka            0  0  0   0  4   0  1  0  3/6   6  

3 Stars

1 - Jose Theodore (ANA)
2 - Dominic Moore (ANA)
3 - Patrick Kane (CHI)

Power Play

Ducks - 1 on 2 Attempt(s) - 50.00%
BlackHawks - 0 on 7 Attempt(s) - 0.00%

Penalty Kill

Ducks - 7 on 7 Attempt(s) - 100.00% - Score 0 goal in Penalty Kill
BlackHawks - 1 on 2 Attempt(s) - 50.00% - Score 0 goal in Penalty Kill

Game Notes

No Game Note

Finance

Level 1 -- Attendance: 5587 (85.95%) -- Ticket Income $474,895.00
Level 2 -- Attendance: 3652 (73.04%) -- Ticket Income $200,860.00
Level 3 -- Attendance: 3084 (88.11%) -- Ticket Income $92,520.00
Level 4 -- Attendance: 2676 (59.47%) -- Ticket Income $53,520.00
Luxury Box -- Attendance: 871 (87.10%) -- Ticket Income $152,425.00
Game was played at the United Center
Total Attendance: 15870 (77.41%)
Total Ticket Income: $1,048,891.00
Other Income: $195,164.70
Total Income: $1,244,056.00


Play by Play

Period #1

0:01 of 1st period - Artem Anisimov wins face-off versus Jonathan Toews in neutral zone.
0:42 of 1st period - Shot by Bobby Ryan.
0:42 of 1st period - Deflect By Jonathan Toews.
0:42 of 1st period - Stopped by Cristobal Huet without a rebound.
0:43 of 1st period - Samuel Pahlsson wins face-off versus Andy McDonald in BlackHawks zone.
0:43 of 1st period - Samuel Pahlsson is hit by David Clarkson.
0:48 of 1st period - Minor Penalty to Nick Schultz for Tripping.
0:49 of 1st period - Josh Bailey wins face-off versus Christian Hanson in Ducks zone.
2:54 of 1st period - Shot by Patrick Sharp.
2:54 of 1st period - Shot Misses the Net.
2:56 of 1st period - Shot by Petr Sykora.
2:56 of 1st period - Shot Blocked by Rob Scuderi.
3:08 of 1st period - Shot by Jonathan Toews.
3:08 of 1st period - Stopped by Cristobal Huet without a rebound.
3:09 of 1st period - David Clarkson wins face-off versus Patrick Kane in BlackHawks zone.
4:08 of 1st period - Chris Neil is hit by David Perron and loses puck.
4:32 of 1st period - Icing by Tim Gleason.
4:33 of 1st period - Jonathan Toews wins face-off versus Zenon Konopka in BlackHawks zone.
4:36 of 1st period - Shot by Bobby Ryan.
4:36 of 1st period - Stopped by Cristobal Huet without a rebound.
4:37 of 1st period - Zenon Konopka wins face-off versus Christian Hanson in BlackHawks zone.
4:37 of 1st period - Zenon Konopka is hit by Christian Hanson.
4:38 of 1st period - Double Minor Penalty to Christian Hanson for High sticking.
4:39 of 1st period - Josh Bailey wins face-off versus Bobby Ryan in Ducks zone.
4:52 of 1st period - Shot by Paul Kariya.
4:52 of 1st period - Stopped by Jose Theodore without a rebound.
4:53 of 1st period - Josh Bailey wins face-off versus Manny Malhotra in Ducks zone.
5:11 of 1st period - Shot by Josh Bailey.
5:11 of 1st period - Deflect By Paul Kariya.
5:11 of 1st period - Stopped by Jose Theodore without a rebound.
5:12 of 1st period - Jonathan Toews wins face-off versus Artem Anisimov in Ducks zone.
6:50 of 1st period - Shot by Patrick Sharp.
6:50 of 1st period - Shot Misses the Net.
7:09 of 1st period - Icing by Patrick Kane.
7:10 of 1st period - Artem Anisimov wins face-off versus Manny Malhotra in BlackHawks zone.
8:51 of 1st period - Wayne Primeau is hit by Rob Scuderi and loses puck.
8:54 of 1st period - Shot by Wayne Primeau.
8:54 of 1st period - Shot Misses the Net.
9:07 of 1st period - Icing by Rob Scuderi.
9:08 of 1st period - Samuel Pahlsson wins face-off versus Jakub Voracek in Ducks zone.
9:08 of 1st period - Minor Penalty to Rob Scuderi for Slashing.
9:09 of 1st period - Josh Bailey wins face-off versus Christian Hanson in Ducks zone.
9:20 of 1st period - Shot by Josh Bailey.
9:20 of 1st period - Shot Misses the Net.
9:22 of 1st period - Shot by Josh Bailey.
9:22 of 1st period - Stopped by Jose Theodore with a rebound.
9:24 of 1st period - Shot by Chris Neil.
9:24 of 1st period - Stopped by Jose Theodore without a rebound.
9:25 of 1st period - Josh Bailey wins face-off versus Manny Malhotra in Ducks zone.
9:26 of 1st period - Shot by Adam Foote.
9:26 of 1st period - Shot Blocked by Tom Poti.
9:28 of 1st period - Shot by Adam Foote.
9:28 of 1st period - Shot Blocked by Richard Park.
10:50 of 1st period - Manny Malhotra is hit by Chris Neil and loses puck.
11:34 of 1st period - Icing by Rob Scuderi.
11:35 of 1st period - Jonathan Toews wins face-off versus Zenon Konopka in Ducks zone.
11:37 of 1st period - Icing by Kurtis Foster.
11:38 of 1st period - Samuel Pahlsson wins face-off versus Jonathan Toews in Ducks zone.
12:28 of 1st period - Patrick Sharp is hit by Nick Schultz and loses puck.
12:58 of 1st period - David Clarkson is hit by John Erskine and loses puck.
13:06 of 1st period - Icing by John Erskine.
13:07 of 1st period - Christian Hanson wins face-off versus Wayne Primeau in BlackHawks zone.
13:32 of 1st period - Shot by Dominic Moore.
13:32 of 1st period - Goal by Dominic Moore - Ducks : 1 - BlackHawks : 0.
13:33 of 1st period - Artem Anisimov wins face-off versus Jonathan Toews in neutral zone.
13:38 of 1st period - Shot by Patrick Sharp.
13:38 of 1st period - Shot Misses the Net.
13:48 of 1st period - Mattias Ohlund is hit by Dustin Byfuglien and loses puck.
13:58 of 1st period - Bobby Ryan is hit by Tim Gleason and loses puck.
14:46 of 1st period - Icing by John Erskine.
14:47 of 1st period - Samuel Pahlsson wins face-off versus Andy McDonald in BlackHawks zone.
15:59 of 1st period - Shot by Dominic Moore.
15:59 of 1st period - Stopped by Cristobal Huet with a rebound.
16:01 of 1st period - Shot by Marc-Edouard Vlasic.
16:01 of 1st period - Stopped by Cristobal Huet without a rebound.
16:02 of 1st period - Manny Malhotra wins face-off versus Patrick Kane in BlackHawks zone.
16:21 of 1st period - Shot by Jakub Voracek.
16:21 of 1st period - Shot Misses the Net.
16:23 of 1st period - Shot by Rob Scuderi.
16:23 of 1st period - Shot Misses the Net.
16:25 of 1st period - Shot by Manny Malhotra.
16:25 of 1st period - Stopped by Cristobal Huet with a rebound.
16:29 of 1st period - Shot by Kurtis Foster.
16:29 of 1st period - Stopped by Cristobal Huet with a rebound.
16:31 of 1st period - Shot by Kurtis Foster.
16:31 of 1st period - Shot Misses the Net.
16:35 of 1st period - Shot by Jakub Voracek.
16:35 of 1st period - Shot Blocked by Mattias Ohlund.
17:07 of 1st period - Tim Gleason is hit by Dustin Byfuglien and loses puck.
17:23 of 1st period - Icing by Artem Anisimov.
17:24 of 1st period - Artem Anisimov wins face-off versus Andy McDonald in BlackHawks zone.
17:24 of 1st period - Artem Anisimov is hit by David Clarkson.
18:27 of 1st period - Icing by Hal Gill.
18:28 of 1st period - Wayne Primeau wins face-off versus Bobby Ryan in BlackHawks zone.
18:39 of 1st period - Shot by Bobby Ryan.
18:39 of 1st period - Stopped by Cristobal Huet without a rebound.
18:40 of 1st period - Samuel Pahlsson wins face-off versus Christian Hanson in BlackHawks zone.
18:40 of 1st period - Samuel Pahlsson is hit by Christian Hanson.
18:52 of 1st period - Tyler Kennedy is hit by Marc-Edouard Vlasic and loses puck.
19:34 of 1st period - Rob Scuderi is hit by Samuel Pahlsson and loses puck.
19:52 of 1st period - Icing by Donald Brashear.
19:53 of 1st period - Samuel Pahlsson wins face-off versus Andy McDonald in BlackHawks zone.
19:59 of 1st period - Icing by Tyler Kennedy.

Period #2

0:01 of 2nd period - Artem Anisimov wins face-off versus Jonathan Toews in neutral zone.
0:14 of 2nd period - Shot by Patrick Sharp.
0:14 of 2nd period - Deflect By Artem Anisimov.
0:14 of 2nd period - Shot Misses the Net.
0:50 of 2nd period - Icing by Tom Poti.
0:51 of 2nd period - Samuel Pahlsson wins face-off versus Jonathan Toews in Ducks zone.
0:54 of 2nd period - Shot by Tyler Kennedy.
0:54 of 2nd period - Shot Misses the Net.
3:50 of 2nd period - Icing by Hal Gill.
3:51 of 2nd period - Wayne Primeau wins face-off versus Christian Hanson in BlackHawks zone.
3:51 of 2nd period - Wayne Primeau is hit by Dominic Moore.
4:13 of 2nd period - Off-side.
4:14 of 2nd period - Jonathan Toews wins face-off versus Artem Anisimov in neutral zone.
4:30 of 2nd period - Shot by Patrick Kane.
4:30 of 2nd period - Stopped by Jose Theodore without a rebound.
4:31 of 2nd period - Zenon Konopka wins face-off versus Andy McDonald in Ducks zone.
4:44 of 2nd period - Shot by Petr Sykora.
4:44 of 2nd period - Shot Misses the Net.
4:58 of 2nd period - Shot by Petr Sykora.
4:58 of 2nd period - Stopped by Jose Theodore with a rebound.
5:25 of 2nd period - Shot by Dustin Byfuglien.
5:25 of 2nd period - Shot Misses the Net.
6:15 of 2nd period - Shot by Wayne Primeau.
6:15 of 2nd period - Deflect By Chris Neil.
6:15 of 2nd period - Stopped by Jose Theodore without a rebound.
6:16 of 2nd period - Artem Anisimov wins face-off versus Manny Malhotra in Ducks zone.
6:33 of 2nd period - Shot by Patrick Kane.
6:33 of 2nd period - Shot Blocked by Rob Scuderi.
6:35 of 2nd period - Shot by Patrick Sharp.
6:35 of 2nd period - Deflect By Patrick Kane.
6:35 of 2nd period - Goal by Patrick Kane - Ducks : 1 - BlackHawks : 1.
6:36 of 2nd period - Andy McDonald wins face-off versus Wayne Primeau in neutral zone.
6:45 of 2nd period - Nick Schultz is hit by Chris Neil and loses puck.
7:29 of 2nd period - Tom Poti is hit by Mattias Ohlund.
7:48 of 2nd period - Minor Penalty to Tim Gleason for Holding.
7:49 of 2nd period - Jonathan Toews wins face-off versus Patrick Sharp in BlackHawks zone.
8:17 of 2nd period - Shot by Jonathan Toews.
8:17 of 2nd period - Stopped by Cristobal Huet with a rebound.
8:19 of 2nd period - Shot by Jonathan Toews.
8:19 of 2nd period - Stopped by Cristobal Huet without a rebound.
8:20 of 2nd period - Wayne Primeau wins face-off versus Andy McDonald in BlackHawks zone.
9:41 of 2nd period - Icing by Richard Park.
9:42 of 2nd period - Josh Bailey wins face-off versus Andy McDonald in Ducks zone.
10:27 of 2nd period - Manny Malhotra is hit by Zenon Konopka and loses puck.
10:58 of 2nd period - Shot by Josh Bailey.
10:58 of 2nd period - Shot Misses the Net.
11:53 of 2nd period - Icing by Adam Foote.
11:54 of 2nd period - Wayne Primeau wins face-off versus Jonathan Toews in BlackHawks zone.
12:22 of 2nd period - Icing by Tim Gleason.
12:23 of 2nd period - Andy McDonald wins face-off versus Artem Anisimov in BlackHawks zone.
12:25 of 2nd period - David Clarkson is hit by Tim Gleason and loses puck.
12:45 of 2nd period - Shot by Patrick Kane.
12:45 of 2nd period - Shot Blocked by Henrik Tallinder.
13:12 of 2nd period - Minor Penalty to David Perron for Slashing.
13:13 of 2nd period - Josh Bailey wins face-off versus Manny Malhotra in Ducks zone.
13:39 of 2nd period - Icing by Ron Hainsey.
13:40 of 2nd period - Christian Hanson wins face-off versus Josh Bailey in BlackHawks zone.
13:43 of 2nd period - Shot by Dominic Moore.
13:43 of 2nd period - Deflect By Christian Hanson.
13:43 of 2nd period - Stopped by Cristobal Huet without a rebound.
13:44 of 2nd period - Artem Anisimov wins face-off versus Dominic Moore in BlackHawks zone.
14:15 of 2nd period - Shot by Tim Gleason.
14:15 of 2nd period - Shot Misses the Net.
14:17 of 2nd period - Shot by Mattias Ohlund.
14:17 of 2nd period - Shot Misses the Net.
14:27 of 2nd period - Shot by Paul Kariya.
14:27 of 2nd period - Stopped by Jose Theodore without a rebound.
14:28 of 2nd period - Manny Malhotra wins face-off versus Josh Bailey in Ducks zone.
14:28 of 2nd period - Manny Malhotra is hit by Chris Neil.
14:41 of 2nd period - Shot by Adam Foote.
14:41 of 2nd period - Stopped by Jose Theodore without a rebound.
14:42 of 2nd period - Artem Anisimov wins face-off versus Manny Malhotra in Ducks zone.
15:04 of 2nd period - Shot by Patrick Kane.
15:04 of 2nd period - Stopped by Jose Theodore without a rebound.
15:05 of 2nd period - Josh Bailey wins face-off versus Christian Hanson in Ducks zone.
15:05 of 2nd period - Josh Bailey is hit by Nick Schultz.
15:50 of 2nd period - Kurtis Foster is hit by Samuel Pahlsson and loses puck.
16:19 of 2nd period - Bobby Ryan is hit by Samuel Pahlsson.
16:21 of 2nd period - Shot by Dustin Byfuglien.
16:21 of 2nd period - Shot Misses the Net.
16:25 of 2nd period - Shot by Jonathan Toews.
16:25 of 2nd period - Stopped by Cristobal Huet without a rebound.
16:26 of 2nd period - Zenon Konopka wins face-off versus Andy McDonald in BlackHawks zone.
16:33 of 2nd period - Double Minor Penalty to Zenon Konopka for Roughing.
16:34 of 2nd period - Andy McDonald wins face-off versus Wayne Primeau in BlackHawks zone.
16:40 of 2nd period - Richard Park is hit by John Erskine and loses puck.
17:38 of 2nd period - Shot by Marc-Edouard Vlasic.
17:38 of 2nd period - Stopped by Cristobal Huet without a rebound.
17:39 of 2nd period - Jonathan Toews wins face-off versus Wayne Primeau in BlackHawks zone.
17:44 of 2nd period - Shot by Kurtis Foster.
17:44 of 2nd period - Shot Misses the Net.
17:48 of 2nd period - Shot by Dustin Byfuglien.
17:48 of 2nd period - Shot Misses the Net.
17:50 of 2nd period - Shot by Bobby Ryan.
17:50 of 2nd period - Goal by Bobby Ryan - Ducks : 2 - BlackHawks : 1.
17:51 of 2nd period - Jonathan Toews wins face-off versus Samuel Pahlsson in neutral zone.
17:53 of 2nd period - Off-side.
17:54 of 2nd period - Samuel Pahlsson wins face-off versus Jonathan Toews in neutral zone.
18:33 of 2nd period - Patrick Sharp is hit by Dustin Byfuglien and loses puck.
19:29 of 2nd period - Minor Penalty to David Clarkson for Hooking.
19:30 of 2nd period - Richard Park wins face-off versus Artem Anisimov in Ducks zone.
19:35 of 2nd period - Shot by Richard Park.
19:35 of 2nd period - Shot Misses the Net.

Period #3

0:01 of 3rd period - Manny Malhotra wins face-off versus Artem Anisimov in neutral zone.
0:39 of 3rd period - Shot by Tim Gleason.
0:39 of 3rd period - Stopped by Jose Theodore with a rebound.
0:41 of 3rd period - Shot by Tim Gleason.
0:41 of 3rd period - Stopped by Jose Theodore without a rebound.
0:42 of 3rd period - Manny Malhotra wins face-off versus Josh Bailey in Ducks zone.
0:42 of 3rd period - Manny Malhotra is hit by Tyler Kennedy.
0:51 of 3rd period - Off-side.
0:52 of 3rd period - Manny Malhotra wins face-off versus Josh Bailey in neutral zone.
1:46 of 3rd period - Tim Gleason is hit by Manny Malhotra and loses puck.
2:25 of 3rd period - Shot by Wayne Primeau.
2:25 of 3rd period - Shot Misses the Net.
4:08 of 3rd period - Tom Poti is hit by Tyler Kennedy and loses puck.
5:10 of 3rd period - Tom Poti is hit by Samuel Pahlsson and loses puck.
5:14 of 3rd period - Icing by Dominic Moore.
5:15 of 3rd period - Christian Hanson wins face-off versus Artem Anisimov in Ducks zone.
5:44 of 3rd period - Shot by Andy McDonald.
5:44 of 3rd period - Stopped by Cristobal Huet without a rebound.
5:45 of 3rd period - Manny Malhotra wins face-off versus Wayne Primeau in BlackHawks zone.
6:06 of 3rd period - Minor Penalty to Manny Malhotra for Hooking.
6:07 of 3rd period - Patrick Kane wins face-off versus Christian Hanson in Ducks zone.
6:54 of 3rd period - Icing by Tim Gleason.
6:55 of 3rd period - Jonathan Toews wins face-off versus Artem Anisimov in BlackHawks zone.
7:13 of 3rd period - Icing by Tim Gleason.
7:14 of 3rd period - Artem Anisimov wins face-off versus Christian Hanson in BlackHawks zone.
7:58 of 3rd period - Shot by Paul Kariya.
7:58 of 3rd period - Deflect By Chris Neil.
7:58 of 3rd period - Shot Misses the Net.
8:13 of 3rd period - Paul Kariya is hit by Rob Scuderi and loses puck.
8:20 of 3rd period - Jakub Voracek is hit by Chris Neil and loses puck.
8:36 of 3rd period - Kurtis Foster is hit by Adam Foote and loses puck.
9:00 of 3rd period - Jonathan Toews is hit by Hal Gill and loses puck.
9:04 of 3rd period - Andy McDonald is hit by Adam Foote and loses puck.
9:09 of 3rd period - Shot by Nick Schultz.
9:09 of 3rd period - Shot Misses the Net.
9:11 of 3rd period - Shot by Jonathan Toews.
9:11 of 3rd period - Shot Misses the Net.
9:25 of 3rd period - Shot by Jonathan Toews.
9:25 of 3rd period - Stopped by Cristobal Huet without a rebound.
9:26 of 3rd period - Christian Hanson wins face-off versus Samuel Pahlsson in BlackHawks zone.
10:43 of 3rd period - Minor Penalty to David Clarkson for Boarding.
10:44 of 3rd period - Artem Anisimov wins face-off versus Christian Hanson in Ducks zone.
11:43 of 3rd period - Shot by Artem Anisimov.
11:43 of 3rd period - Deflect By Donald Brashear.
11:43 of 3rd period - Shot Misses the Net.
11:47 of 3rd period - Shot by Patrick Kane.
11:47 of 3rd period - Shot Blocked by Jonathan Toews.
12:17 of 3rd period - Shot by Samuel Pahlsson.
12:17 of 3rd period - Shot Misses the Net.
12:21 of 3rd period - Shot by Josh Bailey.
12:21 of 3rd period - Stopped by Jose Theodore without a rebound.
12:22 of 3rd period - Richard Park wins face-off versus Wayne Primeau in Ducks zone.
12:22 of 3rd period - Richard Park is hit by Chris Neil.
13:02 of 3rd period - Shot by Jonathan Toews.
13:02 of 3rd period - Stopped by Cristobal Huet without a rebound.
13:03 of 3rd period - Wayne Primeau wins face-off versus Andy McDonald in BlackHawks zone.
13:07 of 3rd period - Off-side.
13:08 of 3rd period - Andy McDonald wins face-off versus Zenon Konopka in neutral zone.
13:32 of 3rd period - Paul Kariya is hit by David Clarkson and loses puck.
14:00 of 3rd period - Hal Gill is hit by David Clarkson and loses puck.
14:28 of 3rd period - Hal Gill is hit by Kurtis Foster and loses puck.
15:48 of 3rd period - Shot by Samuel Pahlsson.
15:48 of 3rd period - Stopped by Jose Theodore without a rebound.
15:49 of 3rd period - Wayne Primeau wins face-off versus Jonathan Toews in Ducks zone.
15:54 of 3rd period - Shot by Patrick Sharp.
15:54 of 3rd period - Stopped by Jose Theodore without a rebound.
15:55 of 3rd period - Jonathan Toews wins face-off versus Tyler Kennedy in Ducks zone.
16:04 of 3rd period - Shot by Bobby Ryan.
16:04 of 3rd period - Stopped by Cristobal Huet without a rebound.
16:05 of 3rd period - Patrick Kane wins face-off versus Bobby Ryan in BlackHawks zone.
16:14 of 3rd period - Shot by Artem Anisimov.
16:14 of 3rd period - Stopped by Jose Theodore without a rebound.
16:15 of 3rd period - Samuel Pahlsson wins face-off versus Andy McDonald in Ducks zone.
16:38 of 3rd period - Shot by Tyler Kennedy.
16:38 of 3rd period - Shot Misses the Net.
16:40 of 3rd period - Shot by Ron Hainsey.
16:40 of 3rd period - Stopped by Jose Theodore with a rebound.
16:44 of 3rd period - Shot by Samuel Pahlsson.
16:44 of 3rd period - Shot Blocked by Jonathan Toews.
17:13 of 3rd period - Shot by Bobby Ryan.
17:13 of 3rd period - Shot Misses the Net.
17:15 of 3rd period - Shot by Tom Poti.
17:15 of 3rd period - Shot Misses the Net.
17:19 of 3rd period - Shot by Dustin Byfuglien.
17:19 of 3rd period - Stopped by Cristobal Huet without a rebound.
17:20 of 3rd period - Artem Anisimov wins face-off versus Richard Park in BlackHawks zone.
17:28 of 3rd period - Icing by Marc-Edouard Vlasic.
17:29 of 3rd period - Artem Anisimov wins face-off versus Andy McDonald in Ducks zone.
18:56 of 3rd period - Shot by Chris Neil.
18:56 of 3rd period - Stopped by Jose Theodore without a rebound.
18:57 of 3rd period - Samuel Pahlsson wins face-off versus Jonathan Toews in Ducks zone.
19:00 of 3rd period - BlackHawks, Cristobal Huet is pulled from the net.


Output by the SimonT Hockey Simulator (STHS) for Stephane Roy -- Original Page W3C XHTML 1.0 Valid